 Dungeon Crawl Stone Soup version 0.30-a0-585-g93115170b9 (webtiles) character file.

Game seed: 15772801983193602971

257 porpoise the Shooter (level 6, 0/48 HPs)
             Began as a Human Hunter on Jan 1, 2023.
             Killed by nerve-wracking pain
             ... invoked by Menkaure
              (11 damage)
             ... on level 4 of the Dungeon.
             The game lasted 00:07:17 (2114 turns).

porpoise the Shooter (Human Hunter)                 Turns: 2114, Time: 00:07:17

Health: 0/48       AC:  6    Str: 11    XL:     6   Next: 39%
Magic:  6/6        EV: 11    Int:  9    God:
Gold:   107        SH:  0    Dex: 19    Spells: 5/5 levels left

rFire   . . .      SeeInvis .    a - +0 shortbow
rCold   + . .      Faith    .    (shield currently unavailable)
rNeg    . . .      Spirit   .    j - +0 ring mail
rPois   .          Reflect  .    q - +0 helmet
rElec   .          Harm     .    (no cloak)
rCorr   .          Rampage  .    (no gloves)
Will    .....                    (no boots)
Stlth   +                        (no amulet)
HPRegen 0.28/turn                f - ring of protection from cold
MPRegen 0.10/turn                (no ring)

@: no status effects
A: no striking features
a: no special abilities


You were on level 4 of the Dungeon.
You visited 1 branch of the dungeon, and saw 4 of its levels.

You collected 107 gold pieces.

Inventory:

Hand Weapons
 a - a +0 shortbow (weapon)
Armour
 j - a +0 ring mail (worn)
 q - a +0 helmet (worn)
Magical Staves
 s - a staff of conjuration
Jewellery
 f - a ring of protection from cold (left hand)
 l - a ring of fire
 p - a ring of ice
Scrolls
 b - a scroll of immolation
 d - 2 scrolls of teleportation
 g - a scroll of enchant armour {unknown}
 h - a scroll of amnesia {unknown}
 i - a scroll of fog
 k - a scroll of vulnerability {unknown}
 r - a scroll of fear {unknown}
Potions
 c - 2 potions of mutation
 e - a potion of flight
 m - a potion of attraction
 n - a potion of berserk rage
 o - a potion of invisibility {unknown}


   Skills:
 + Level 3.9 Fighting
 * Level 6.3 Ranged Weapons
 - Level 2.0 Dodging
 - Level 1.0 Stealth


You had 5 spell levels left.
You didn't know any spells.
Your spell library was empty.

Dungeon Overview and Level Annotations

Branches:
Dungeon (4/15)
 Temple: D:4-7

Altars:

Shops:
D:1 (

Annotations:
D:4 Menkaure


Message History

Pain shoots through your body!
You shoot an arrow. The arrow hits Menkaure.
Menkaure is lightly damaged.
You shoot an arrow. The arrow hits Menkaure.
Menkaure is moderately damaged.
Menkaure hits you but does no damage.
You shoot an arrow. The arrow hits Menkaure.
Menkaure is heavily damaged.
Menkaure hits you but does no damage.
You shoot an arrow.
The arrow hits Menkaure but does no damage.
Menkaure is heavily damaged.
Menkaure closely misses you.
You shoot an arrow.
The arrow hits Menkaure but does no damage.
Menkaure is heavily damaged.
Menkaure hits you.
You shoot an arrow.
The arrow hits Menkaure but does no damage.
Menkaure is heavily damaged.
Menkaure hits you.
You are too injured to fight recklessly!
You are too injured to fight recklessly!
You aren't carrying any items that you can evoke.
Unknown command.
Unknown command.
Fire: a) +0 shortbow
Press: ? - help, Q - select action Shift-Dir - straight line, f/p - Menkaure
Aim: Menkaure (heavily damaged, 78% to hit)
You shoot an arrow. The arrow barely misses Menkaure.
Menkaure hits you!
* * * LOW HITPOINT WARNING * * *
Fire: a) +0 shortbow
Press: ? - help, Q - select action Shift-Dir - straight line, f/p - Menkaure
Aim: Menkaure (heavily damaged, 78% to hit)
You shoot an arrow. The arrow hits Menkaure.
Menkaure is severely damaged.
Menkaure casts a spell at you. Pain shoots through your body!
You die...

# .### ####### .....
#...... #... #......+#
#).. ......#.#M#...
.......#@#.....
##.#)#.#.#.#.
#.#.#.#.#.#.#.
########.#.#.#.#.#.#.
........#.#.#.#.#.#.#.
########.#.#.#.#.....#.
#.#.#.#.#.#.....#
##.#.#.#.#.....#
#######.#.#.#.#.#..).


You could see Menkaure.

Vanquished Creatures
  An ogre (D:4)
  A jelly (D:4)
  An iguana (D:4)
  5 adders
  A dart slug (D:1)
  2 orcs
  2 endoplasms (D:3)
  A giant cockroach (D:3)
  7 goblins
  5 hobgoblins
  6 jackals
  12 kobolds
  2 quokkas
  9 ball pythons
  6 bats
  4 frilled lizards
  A rat (D:2)
66 creatures vanquished.

Vanquished Creatures (others)
  11 plants (D:1)
11 creatures vanquished.

Grand Total: 77 creatures vanquished

Notes
Turn   | Place    | Note
-------+----------+-------------------------------------------
     0 | D:1      | porpoise the Human Hunter began the quest for the Orb.
     0 | D:1      | Reached XP level 1. HP: 16/16 MP: 1/1
    53 | D:1      | Found Inlisseamm's Antique Weapon Shoppe.
   126 | D:1      | Reached XP level 2. HP: 22/22 MP: 2/2
   299 | D:1      | Reached XP level 3. HP: 28/28 MP: 3/3
   911 | D:2      | HP: 1/28 [poisoned by an adder]
   925 | D:2      | Reached skill level 5 in Ranged Weapons
   925 | D:2      | Reached XP level 4. HP: 17/34 MP: 4/4
  1328 | D:2      | Found a faded altar of an unknown god.
  1644 | D:3      | Reached XP level 5. HP: 38/41 MP: 5/5
  2014 | D:4      | Noticed an ogre
  2024 | D:4      | Killed an ogre
  2025 | D:4      | Reached skill level 6 in Ranged Weapons
  2025 | D:4      | Reached XP level 6. HP: 26/48 MP: 6/6
  2103 | D:4      | Noticed Menkaure
  2114 | D:4      | Killed from afar by Menkaure

Illustrated notes

Levels and vault maps discovered:
D:1:      lightli_arrival_statuegarden, layout_loops_ring, serial_shops, shop,
          serial_forest, infiniplex_forest_clump_diagonal,
          infiniplex_forest_lined_1, infiniplex_forest_lined_2,
          infiniplex_forest_lined_1, infiniplex_forest_clump_large,
          infiniplex_forest_clump_diagonal, infiniplex_forest_clump_long,
          infiniplex_forest_straight_2, infiniplex_forest_end_1,
          infiniplex_forest_lined_2
D:2:      layout_basic, dreamdust_ecumenical_altar_angels_and_demons
D:3:      layout_rooms, st_stairs_10, minmay_surrounded
D:4:      cheibrodos_quashed, layout_basic, nicolae_wu_jian_wuxing_cycle,
          overflow_temple_1_default, uniq_menkaure

Skill      XL: |  1  2  3  4  5 |
---------------+----------------+-----
Ranged Weapons | 5 6 |  6.3
Fighting       | 3 |  3.9
Dodging        | |  2.0
Stealth        | |  1.0

Action                   |  1- 3 |  4- 6 || total
-------------------------+-------+-------++-------
 Fire: Shortbow          |    83 |   103 ||   186
  Use: Scroll            |     3 |     3 ||     6
       Potion            |     2 |     1 ||     3
Armor: Ring mail         |    19 |    14 ||    33
Dodge: Dodged            |    32 |    31 ||    63

Table legend: (Time is in decaauts)
 A = Elapsed time spent in this place.
 B = Non-inter-level travel time spent in this place.
 C = Inter-level travel time spent in this place.
 D = Time resting spent in this place.
 E = Time spent auto-exploring this place.
 F = Levels seen in this place.
 G = Mean time per level.
                   A        B        C        D        E       F      G
               +--------+--------+--------+--------+--------+-----+--------+
         Total |   2180 |   2133 |     47 |    222 |   1468 |   4 |  545.0 |
       Dungeon |   2180 |   2133 |     47 |    222 |   1468 |   4 |  545.0 |
               +--------+--------+--------+--------+--------+-----+--------+

Top non-repeatable levels by time:
     D:1: 792 daAuts
     D:2: 664 daAuts
     D:3: 493 daAuts
     D:4: 230 daAuts
